 Dungeon Crawl Stone Soup version 0.29-a0-330-g52719c12eb (webtiles) character file.

Game seed: 5365758127090781287

89 kae the Firebug (level 4, 0/35 HPs)
             Began as a Demigod Fire Elementalist on Apr 23, 2022.
             Slain by a gnoll
             ... wielding a +0 club
              (4 damage)
             ... on level 4 of the Dungeon.
             The game lasted 00:01:39 (3429 turns).

kae the Firebug (Demigod Fire Elementalist)         Turns: 3429, Time: 00:01:40

Health: 0/35       AC:  4    Str:  9    XL:     4   Next: 10%
Magic:  1/10       EV: 11    Int: 21    God:
Gold:   195        SH:  0    Dex: 14    Spells: 1/7 levels left

rFire   + . .      SeeInvis .   f - +0 club
rCold   . . .      Faith    .   (no shield)
rNeg    . . .      Spirit   .   n - +1 leather armour {rF+}
rPois   +          Reflect  .   (no helmet)
rElec   .          Harm     .   (no cloak)
rCorr   .          Rampage  .   (no gloves)
Will    .....                   (no boots)
Stlth   ++........              g - amulet of regeneration
HPRegen 0.91/turn               e - ring of poison resistance
MPRegen 0.12/turn               i - +4 ring of slaying

@: no status effects
A: high MP 1, forlorn, divine attributes
a: no special abilities


You were on level 4 of the Dungeon.
You visited 1 branch of the dungeon, and saw 4 of its levels.

You collected 195 gold pieces.

Inventory:

Hand Weapons
 f - a +0 club (weapon)
Armour
 a - a +0 robe
 n - a +1 leather armour of fire resistance (worn)
Jewellery
 e - a ring of poison resistance (left hand)
 g - an amulet of regeneration (around neck)
 i - a +4 ring of slaying (right hand)
Scrolls
 d - a scroll of teleportation
 p - a scroll of identify
 q - a scroll of fog {unknown}
Potions
 b - a potion of magic
 c - a potion of might
 h - 3 potions of flight
 j - a potion of lignification
 k - a potion of berserk rage {unknown}
 l - 2 potions of curing
 m - a potion of invisibility
 o - a potion of brilliance


   Skills:
 + Level 1.5 Fighting
 - Level 1.7 Dodging
 - Level 1.7 Stealth
 + Level 2.4 Spellcasting
 + Level 2.0 Conjurations
 + Level 3.3 Fire Magic


You had one spell level left.
You knew the following spells:

 Your Spells              Type           Power      Damage    Failure   Level
a - Foxfire               Conj/Fire      52%        2x1d6     7%          1
b - Scorch                Fire           32%        2d6       8%          2
c - Conjure Flame         Conj/Fire      13%        6-21      21%         3

Your spell library contained the following spells:

 Spells                   Type           Power      Damage    Failure   Level
 Magic Dart               Conj           44%        1d5       9%          1
 Call Imp                 Summ           2%         N/A       30%         2
 Sublimation of Blood     Necr           2%         N/A       30%         2
 Inner Flame              Hex/Fire       9%         N/A       30%         3
 Mephitic Cloud           Conj/Pois/Air  5%         N/A       41%         3
 Flame Wave               Conj/Fire      13%        2d6       54%         4
 Petrify                  Tmut/Erth      2%         N/A       89%         4
 Irradiate                Conj/Tmut      3%         3d14      98%         5


Dungeon Overview and Level Annotations

Branches:
Dungeon (4/15)
 Temple: D:4-7

Shops:
D:3 (

Annotations:
D:3 1 runed translucent door, Crazy Yiuf


Innate Abilities, Weirdness & Mutations

You have an increased reservoir of magic. (+10% MP)
You shall have no god before yourself.
Your divine heritage dramatically boosts your attributes as you level up.


Message History

The gnoll is lightly wounded.
Casting: Foxfire (safe; 7% risk of failure)
Confirm with . or Enter, or press ? or * to list all spells.
You conjure some foxfire!
The foxfire hits the gnoll.
The gnoll is lightly wounded.
Casting: Foxfire (safe; 7% risk of failure)
Confirm with . or Enter, or press ? or * to list all spells.
You conjure some foxfire!
The gnoll barely misses you.
Your foxfire dissipates!
The gnoll hits you from afar with a +0 spear.
The foxfire hits the gnoll.
The gnoll is heavily wounded.
The foxfire hits the gnoll.
The gnoll is severely wounded.
The gnoll barely misses you. The gnoll misses you.
Casting: Foxfire (safe; 7% risk of failure)
Confirm with . or Enter, or press ? or * to list all spells.
You conjure some foxfire!
The gnoll hits you from afar with a +0 spear!
The gnoll hits you with a +0 club.
The gnoll hits you from afar with a +0 spear.
The gnoll hits you with a +0 club.
* * * LOW HITPOINT WARNING * * *
The gnoll attacks as you move away! The gnoll closely misses you.
The foxfire hits the gnoll.
The gnoll is severely wounded.
The foxfire hits the gnoll but does no damage.
The gnoll is severely wounded.
Casting: Foxfire (safe; 7% risk of failure)
Confirm with . or Enter, or press ? or * to list all spells.
Flames lash the gnoll.
The gnoll is moderately wounded.
The gnoll's fire resistance burns away.
The gnoll hits you from afar with a +0 spear.
* * * LOW HITPOINT WARNING * * *
The gnoll closely misses you. The gnoll misses you.
Unknown command.
Okay, then.
The gnoll attacks as you move away! The gnoll hits you with a +0 club.
You die...

..#.#
#.##.######+#####.#
#.#.#
#.................#
#.#.#
#..##.#####.#####.#
#.#.# #.. #..####.###
#.#.# #. ..........#
#.#.# ##.###.#.##.#.#
#.#.# #.......##.#.#
#)#.###########.#.##.#.#
#.#.............@.##.#<#
#.#############.g###.###
#.# .....gg........ #.#
########.###.## #.# #.#
#.# ... #.# .... #.#
##.# #.# ..


You could see 3 gnolls.

Vanquished Creatures
  An adder (D:2)
  A worm (D:2)
  A dart slug (D:4)
  An orc (D:3)
  6 endoplasms
  2 giant cockroaches (D:1)
  8 goblins
  7 hobgoblins
  6 jackals
  3 quokkas (D:1)
  3 ball pythons (D:1)
  3 bats
  5 frilled lizards
  12 kobolds
  8 rats
67 creatures vanquished.

Vanquished Creatures (collateral kills)
  3 foxfires
3 creatures vanquished.

Vanquished Creatures (others)
  225 foxfires
  5 plants (D:2)
230 creatures vanquished.

Grand Total: 300 creatures vanquished

Notes
Turn   | Place    | Note
-------+----------+-------------------------------------------
     0 | D:1      | kae the Demigod Fire Elementalist began the quest for the
                  | Orb.
     0 | D:1      | Reached XP level 1. HP: 14/14 MP: 5/5
   167 | D:1      | Reached skill level 1 in Conjurations
   567 | D:1      | Reached XP level 2. HP: 22/22 MP: 2/7
   716 | D:1      | Reached skill level 3 in Fire Magic
   726 | D:1      | Reached skill level 1 in Fighting
   940 | D:1      | Reached XP level 3. HP: 28/28 MP: 4/8
  2470 | D:3      | Found Jemnican's Antique Weapon Shop.
  2481 | D:3      | Learned a level 2 spell: Scorch
  2485 | D:3      | Learned a level 3 spell: Conjure Flame
  2629 | D:3      | Reached XP level 4. HP: 35/35 MP: 6/10
  2677 | D:3      | Found a runed translucent door.
  2678 | D:3      | Noticed Crazy Yiuf
  3429 | D:4      | Slain by a gnoll

Illustrated notes

Levels and vault maps discovered:
D:1:      evilmike_arrival_crescent, layout_basic,
          ebering_ecumenical_altar_petrified, minmay_pentomino_r2
D:2:      layout_rooms, basic_altar, amcnicky_mini_corridor_feature,
          lexackson_kobold_supper
D:3:      layout_loops_ring, mainiacjoe_overflow_divided_tiny, serial_shops,
          shop, minmay_misc_feat_pillars, minivault_26, uniq_crazy_yiuf_cottage
D:4:      layout_basic

Skill      XL: |  1  2  3  4 |
---------------+-------------+-----
Conjurations   | 1 2 |  2.0
Spellcasting   | 2 |  2.4
Fire Magic     | 3 |  3.3
Fighting       | 1 |  1.5
Dodging        | |  1.7
Stealth        | |  1.7

Action                   |  1- 3 |  4- 6 || total
-------------------------+-------+-------++-------
Melee: Unarmed           |    13 |       ||    13
       Club              |    37 |       ||    37
       Punch             |     1 |       ||     1
 Cast: Foxfire           |   103 |    27 ||   130
       Scorch            |     3 |     2 ||     5
  Use: Scroll            |     8 |     2 ||    10
Armor: Robe              |    19 |       ||    19
       Leather armour    |     2 |     3 ||     5
Dodge: Dodged            |    67 |    10 ||    77

Table legend: (Time is in decaauts)
 A = Elapsed time spent in this place.
 B = Non-inter-level travel time spent in this place.
 C = Inter-level travel time spent in this place.
 D = Time resting spent in this place.
 E = Time spent auto-exploring this place.
 F = Levels seen in this place.
 G = Mean time per level.
                   A        B        C        D        E       F      G
               +--------+--------+--------+--------+--------+-----+--------+
         Total |   3438 |   3286 |    152 |     40 |   2708 |   4 |  859.5 |
       Dungeon |   3438 |   3286 |    152 |     40 |   2708 |   4 |  859.5 |
               +--------+--------+--------+--------+--------+-----+--------+

Top non-repeatable levels by time:
     D:1: 1461 daAuts
     D:3: 931 daAuts
     D:2: 723 daAuts
     D:4: 321 daAuts
